TOP OF THE 1ST |
Providence Pilgrims batting - Pitching for Squirrel Hill Pierogis : LHP Bhunandana Lecamwasam
|
Pitching: LHP Bhunandana Lecamwasam
|
|
Batting: RHB An-yi Zhou
|
0-0: Ball 1-0: SINGLE (Flyball, 78M, EV 95.6 MPH)
|
Batting: RHB Aaron Attyte
|
0-0: Called Strike 0-1: DOUBLE (Flyball, 8LXD, EV 94.4 MPH) An-yi Zhou to third
|
Batting: LHB Norm Williams
|
0-0: Called Strike 0-1: Foul Ball, location: 2F 0-2: Strikes out looking
|
Batting: RHB Román Ayala
|
0-0: Ground out 4-3 (Groundball, 4M, EV 82.5 MPH) An-yi Zhou scores Aaron Attyte to third
|
Batting: RHB Carlos González
|
0-0: Ball 1-0: Foul Ball, location: 2F 1-1: Ball 2-1: Called Strike 2-2: Ball 3-2: Strikes out swinging
|
Top of the 1st over - 1 run, 2 hits, 0 errors, 1 left on base; Providence 1 - Squirrel Hill 0 |
BOTTOM OF THE 1ST |
Squirrel Hill Pierogis batting - Pitching for Providence Pilgrims : LHP Rodger Hunter
|
Pitching: LHP Rodger Hunter
|
|
Batting: RHB Mike Sackett
|
0-0: Ball 1-0: Ball 2-0: Ball 3-0: Base on Balls
|
Batting: SHB Chong-hun Cho
|
0-0: Ball 1-0: Ball 2-0: Ball 3-0: Called Strike 3-1: Base on Balls Mike Sackett to second
|
Batting: RHB Dave Hall
|
0-0: Ball 1-0: Foul Ball, location: 2F 1-1: Ball 2-1: Ball 3-1: Base on Balls Mike Sackett to third Chong-hun Cho to second
|
Batting: SHB Rodrigo Santana
|
0-0: Ball 1-0: Called Strike 1-1: Hit by Pitch Mike Sackett scores Chong-hun Cho to third Dave Hall to second
|
Batting: RHB Roy Howard
|
Balk! Chong-hun Cho scores Dave Hall to third Rodrigo Santana to second 0-0: Ball 1-0: Ball 2-0: Ball 3-0: Called Strike 3-1: Called Strike 3-2: Base on Balls
|
Batting: RHB Miguel Aranda
|
0-0: Called Strike 0-1: Ground out 5-3 (Groundball, 56S, EV 73.8 MPH) Dave Hall scores Rodrigo Santana to third Roy Howard to second
|
Batting: RHB Freddie Cupp
|
0-0: Foul Ball, location: 2F 0-1: Foul Ball, location: 2F 0-2: Foul Ball, location: 2F 0-2: SINGLE (Groundball, 4D, EV 110.0 MPH) Rodrigo Santana scores Roy Howard to third Runner from 3rd tries for Home, SAFE, throw by CF to home
|
Batting: RHB Christian Bray
|
0-0: Foul Ball, location: 2F 0-1: Ball 1-1: Called Strike 1-2: DOUBLE (Flyball, 89XD, EV 115.6 MPH) Freddie Cupp to third Runner from 3rd tries for Home, SAFE, throw by CF to home
|
Pitching: RHP Luiz Palmeiro
|
|
Batting: RHB William Murphy
|
0-0: Called Strike 0-1: Ball 1-1: Called Strike 1-2: Ball 2-2: Foul Ball, location: 2F 2-2: Hit by Pitch
|
Batting: RHB Mike Sackett
|
0-0: Ball 1-0: Called Strike 1-1: Swinging Strike 1-2: Ball 2-2: Strikes out swinging
|
Batting: SHB Chong-hun Cho
|
0-0: Ball 1-0: Ball 2-0: Swinging Strike 2-1: Fly out, F5 (Popup, 5S, EV 73.8 MPH)
|
Bottom of the 1st over - 6 runs, 2 hits, 0 errors, 2 left on base; Providence 1 - Squirrel Hill 6 |
TOP OF THE 2ND |
Providence Pilgrims batting - Pitching for Squirrel Hill Pierogis : LHP Bhunandana Lecamwasam
|
Batting: RHB Jim Ellis
|
0-0: Foul Ball, location: 2F 0-1: DOUBLE (Flyball, 8RXD, EV 98.1 MPH)
|
Batting: RHB Vsevolod Bagdasaroff
|
0-0: Foul Ball, location: 2F 0-1: Fly out, F7 (Flyball, 7LS, EV 91.2 MPH)
|
Batting: RHB Frans Lissenberg
|
0-0: Ball 1-0: Fly out, F3 (Popup, 3SF, EV 78.1 MPH)
|
Batting: RHB Abednego Ashpenaz
|
0-0: Ball 1-0: Ball 2-0: Foul Ball, location: 2F 2-1: Foul Ball, location: 2F 2-2: Fly out, F8 (Flyball, 8RS, EV 95.0 MPH)
|
Top of the 2nd over - 0 runs, 1 hit, 0 errors, 1 left on base; Providence 1 - Squirrel Hill 6 |
BOTTOM OF THE 2ND |
Squirrel Hill Pierogis batting - Pitching for Providence Pilgrims : RHP Luiz Palmeiro
|
Batting: RHB Dave Hall
|
0-0: Ball 1-0: Ball 2-0: Ground out U3 (Groundball, 3, EV 86.2 MPH)
|
Batting: SHB Rodrigo Santana
|
0-0: Ball 1-0: Swinging Strike 1-1: Swinging Strike 1-2: Ball 2-2: Ball 3-2: Base on Balls
|
Batting: RHB Roy Howard
|
0-0: Swinging Strike 0-1: Foul Ball, location: 2F 0-2: Strikes out swinging
|
Batting: RHB Miguel Aranda
|
0-0: Called Strike 0-1: SINGLE (Groundball, 56D, EV 105.0 MPH) Rodrigo Santana to second
|
Batting: RHB Freddie Cupp
|
0-0: Ball 1-0: Foul Ball, location: 2F 1-1: Foul Ball, location: 2F 1-2: Strikes out swinging
|
Bottom of the 2nd over - 0 runs, 1 hit, 0 errors, 2 left on base; Providence 1 - Squirrel Hill 6 |
TOP OF THE 3RD |
Providence Pilgrims batting - Pitching for Squirrel Hill Pierogis : LHP Bhunandana Lecamwasam
|
Batting: RHB An-yi Zhou
|
0-0: Fly out, F8 (Line Drive, 8RD, EV 93.8 MPH)
|
Batting: RHB Aaron Attyte
|
0-0: Ground out 3-1 (Groundball, 34, EV 95.0 MPH)
|
Batting: LHB Norm Williams
|
0-0: Ball 1-0: Ball 2-0: Ball 3-0: Called Strike 3-1: Swinging Strike 3-2: Base on Balls
|
Batting: RHB Román Ayala
|
0-0: Swinging Strike 0-1: Ball 1-1: Foul Ball, location: 2F 1-2: Ground out 4-3 (Groundball, 4, EV 81.9 MPH)
|
Top of the 3rd over - 0 runs, 0 hits, 0 errors, 1 left on base; Providence 1 - Squirrel Hill 6 |
BOTTOM OF THE 3RD |
Squirrel Hill Pierogis batting - Pitching for Providence Pilgrims : RHP Luiz Palmeiro
|
Batting: RHB Christian Bray
|
0-0: Ball 1-0: Swinging Strike 1-1: Ground out 6-3 (Groundball, 6, EV 86.2 MPH)
|
Batting: RHB William Murphy
|
0-0: Ball 1-0: Called Strike 1-1: Ball 2-1: Foul Ball, location: 2F 2-2: Reached on error, E6 (Groundball, 6, EV 77.5 MPH)
|
Batting: RHB Mike Sackett
|
0-0: Fly out, F8 (Flyball, 89D, EV 84.4 MPH)
|
Batting: SHB Chong-hun Cho
|
0-0: Fly out, F5 (Line Drive, 5, EV 70.0 MPH)
|
Bottom of the 3rd over - 0 runs, 0 hits, 1 error, 1 left on base; Providence 1 - Squirrel Hill 6 |
TOP OF THE 4TH |
Providence Pilgrims batting - Pitching for Squirrel Hill Pierogis : LHP Bhunandana Lecamwasam
|
Batting: RHB Carlos González
|
0-0: Ball 1-0: Ball 2-0: Called Strike 2-1: Fly out, F8 (Flyball, 89D, EV 105.6 MPH)
|
Batting: RHB Jim Ellis
|
0-0: Foul Ball, location: 2F 0-1: Ball 1-1: Foul Ball, location: 2F 1-2: Ground out 6-3 (Groundball, 6, EV 100.0 MPH)
|
Batting: RHB Vsevolod Bagdasaroff
|
0-0: Fly out, F8 (Line Drive, 8LD, EV 96.9 MPH)
|
Top of the 4th over - 0 runs, 0 hits, 0 errors, 0 left on base; Providence 1 - Squirrel Hill 6 |
BOTTOM OF THE 4TH |
Squirrel Hill Pierogis batting - Pitching for Providence Pilgrims : RHP Luiz Palmeiro
|
Batting: RHB Dave Hall
|
0-0: Swinging Strike 0-1: Ball 1-1: Foul Ball, location: 2F 1-2: Strikes out swinging
|
Batting: SHB Rodrigo Santana
|
0-0: SOLO HOME RUN (Flyball, 9D, EV 96.9 MPH), Distance : 360 ft
|
Pitching: RHP Roberto Martínez
|
|
Batting: RHB Roy Howard
|
0-0: TRIPLE (Flyball, 78XD, EV 106.2 MPH)
|
Pitching: LHP Jing-sheng Bian
|
|
Batting: RHB Miguel Aranda
|
0-0: Swinging Strike 0-1: Ball 1-1: Ball 2-1: Swinging Strike 2-2: Foul Ball, location: 2F 2-2: Ground out U3 (Groundball, 34, EV 82.5 MPH) Roy Howard scores
|
Batting: RHB Freddie Cupp
|
0-0: Foul Ball, location: 2F 0-1: Ball 1-1: Ball 2-1: Ball 3-1: Base on Balls
|
Batting: RHB Christian Bray
|
0-0: Fly out, F9 (Flyball, 9LS, EV 71.2 MPH)
|
Bottom of the 4th over - 2 runs, 2 hits, 0 errors, 1 left on base; Providence 1 - Squirrel Hill 8 |
TOP OF THE 5TH |
Providence Pilgrims batting - Pitching for Squirrel Hill Pierogis : LHP Bhunandana Lecamwasam
|
Batting: RHB Frans Lissenberg
|
0-0: Called Strike 0-1: Swinging Strike 0-2: Strikes out swinging
|
Batting: RHB Abednego Ashpenaz
|
0-0: Ball 1-0: Swinging Strike 1-1: Foul Ball, location: 2F 1-2: Fly out, F4 (Line Drive, 4, EV 63.1 MPH)
|
Batting: RHB An-yi Zhou
|
0-0: Ball 1-0: Ball 2-0: Called Strike 2-1: Swinging Strike 2-2: Ball 3-2: Strikes out swinging
|
Top of the 5th over - 0 runs, 0 hits, 0 errors, 0 left on base; Providence 1 - Squirrel Hill 8 |
BOTTOM OF THE 5TH |
Squirrel Hill Pierogis batting - Pitching for Providence Pilgrims : LHP Jing-sheng Bian
|
Batting: RHB William Murphy
|
0-0: Swinging Strike 0-1: Called Strike 0-2: Foul Ball, location: 2F 0-2: Ball 1-2: Ball 2-2: Foul Ball, location: 2F 2-2: Strikes out swinging
|
Batting: RHB Mike Sackett
|
0-0: Ball 1-0: Ball 2-0: Ball 3-0: Swinging Strike 3-1: Called Strike 3-2: Foul Ball, location: 2F 3-2: Foul Ball, location: 2F 3-2: Strikes out swinging
|
Batting: SHB Chong-hun Cho
|
0-0: Ball 1-0: Foul Ball, location: 2F 1-1: Ball 2-1: Ball 3-1: Foul Ball, location: 2F 3-2: Base on Balls
|
Batting: RHB Dave Hall
|
0-0: Swinging Strike 0-1: Fielders Choice at 2nd, 6-4 (Groundball, 6, EV 81.9 MPH)
|
Bottom of the 5th over - 0 runs, 0 hits, 0 errors, 1 left on base; Providence 1 - Squirrel Hill 8 |
TOP OF THE 6TH |
Providence Pilgrims batting - Pitching for Squirrel Hill Pierogis : LHP Bhunandana Lecamwasam
|
Batting: RHB Aaron Attyte
|
0-0: Ball 1-0: Ball 2-0: Ball 3-0: Base on Balls
|
Batting: LHB Norm Williams
|
0-0: Called Strike 0-1: Ball 1-1: Fly out, F9 (Flyball, 89D, EV 103.8 MPH)
|
Batting: RHB Román Ayala
|
0-0: Ball 1-0: DOUBLE (Line Drive, 89D, EV 106.2 MPH) Aaron Attyte to third Runner from 3rd tries for Home, SAFE, no throw by CF
|
Batting: RHB Carlos González
|
0-0: Called Strike 0-1: Ball 1-1: Ball 2-1: Fly out, F5 (Flyball, 5D, EV 90.0 MPH)
|
Batting: RHB Jim Ellis
|
0-0: Foul Ball, location: 2F 0-1: Swinging Strike 0-2: Foul Ball, location: 2F 0-2: Ball 1-2: Ball 2-2: Foul Ball, location: 2F 2-2: Ball 3-2: TRIPLE (Flyball, 78XD, EV 91.9 MPH) Román Ayala scores
|
Batting: RHB Vsevolod Bagdasaroff
|
0-0: Called Strike 0-1: SINGLE (Groundball, 56S, EV 68.1 MPH) (infield hit) Jim Ellis scores
|
Batting: RHB Frans Lissenberg
|
Pickoff Throw to First - Out! 1-3
|
Top of the 6th over - 3 runs, 3 hits, 0 errors, 0 left on base; Providence 4 - Squirrel Hill 8 |
BOTTOM OF THE 6TH |
Squirrel Hill Pierogis batting - Pitching for Providence Pilgrims : LHP Jing-sheng Bian
|
Batting: SHB Rodrigo Santana
|
0-0: Ball 1-0: Ball 2-0: Foul Ball, location: 2F 2-1: Ball 3-1: Foul Ball, location: 2F 3-2: Base on Balls
|
Batting: RHB Roy Howard
|
0-0: Called Strike 0-1: Swinging Strike 0-2: Ball 1-2: Strikes out looking
|
Batting: RHB Miguel Aranda
|
0-0: Foul Ball, location: 2F 0-1: Ball 1-1: Foul Ball, location: 2F 1-2: Strikes out looking
|
Batting: RHB Freddie Cupp
|
0-0: Ball 1-0: Called Strike 1-1: Foul Ball, location: 2F 1-2: Ground out 5-3 (Groundball, 56S, EV 60.6 MPH)
|
Bottom of the 6th over - 0 runs, 0 hits, 0 errors, 1 left on base; Providence 4 - Squirrel Hill 8 |
TOP OF THE 7TH |
Providence Pilgrims batting - Pitching for Squirrel Hill Pierogis : LHP Bhunandana Lecamwasam
|
Batting: RHB Frans Lissenberg
|
0-0: Ball 1-0: Ball 2-0: Fly out, F8 (Flyball, 8RS, EV 73.1 MPH)
|
Batting: RHB Abednego Ashpenaz
|
0-0: Fly out, F2 (Popup, 13S, EV 83.1 MPH)
|
Batting: RHB An-yi Zhou
|
0-0: Fly out, F6 (Popup, 15S, EV 82.5 MPH)
|
Top of the 7th over - 0 runs, 0 hits, 0 errors, 0 left on base; Providence 4 - Squirrel Hill 8 |
BOTTOM OF THE 7TH |
Squirrel Hill Pierogis batting - Pitching for Providence Pilgrims : LHP Jing-sheng Bian
|
Batting: RHB Christian Bray
|
0-0: Ball 1-0: Foul Ball, location: 2F 1-1: Called Strike 1-2: Foul Ball, location: 2F 1-2: Foul Ball, location: 2F 1-2: SOLO HOME RUN (Flyball, 7D, EV 95.0 MPH), Distance : 380 ft
|
Batting: RHB William Murphy
|
0-0: Swinging Strike 0-1: Ball 1-1: Ball 2-1: Ball 3-1: Called Strike 3-2: Ground out 3-1 (Groundball, 13, EV 88.1 MPH)
|
Batting: RHB Mike Sackett
|
0-0: Ball 1-0: Called Strike 1-1: Foul Ball, location: 2F 1-2: Foul Ball, location: 2F 1-2: Strikes out swinging
|
Batting: SHB Chong-hun Cho
|
0-0: Foul Ball, location: 2F 0-1: Foul Ball, location: 2F 0-2: Foul Ball, location: 2F 0-2: Ball 1-2: Ball 2-2: Foul Ball, location: 2F 2-2: Foul Ball, location: 2F 2-2: Ball 3-2: Ground out 5-3 (Groundball, 56S, EV 81.9 MPH)
|
Bottom of the 7th over - 1 run, 1 hit, 0 errors, 0 left on base; Providence 4 - Squirrel Hill 9 |
TOP OF THE 8TH |
Providence Pilgrims batting - Pitching for Squirrel Hill Pierogis : LHP Bhunandana Lecamwasam
|
Batting: RHB Aaron Attyte
|
0-0: Foul Ball, location: 2F 0-1: Called Strike 0-2: Foul Ball, location: 2F 0-2: Ball 1-2: Fly out, F9 (Flyball, 89S, EV 81.2 MPH)
|
Batting: LHB Norm Williams
|
0-0: Called Strike 0-1: Ball 1-1: Foul Ball, location: 2F 1-2: DOUBLE (Line Drive, 7D, EV 111.2 MPH)
|
Batting: RHB Román Ayala
|
0-0: Ball 1-0: Ball 2-0: Called Strike 2-1: Ball 3-1: Base on Balls
|
Pitching: RHP Artie O'Neal
|
|
Pinch Hitting: LHB Caspar Fewings
|
0-0: Foul Ball, location: 2F 0-1: Called Strike 0-2: Ball 1-2: Ball 2-2: Foul Ball, location: 2F 2-2: Ball 3-2: Foul Ball, location: 2F 3-2: Foul Ball, location: 2F 3-2: Foul Ball, location: 2F 3-2: Strikes out looking
|
Batting: RHB Jim Ellis
|
0-0: Called Strike 0-1: Fly out, F7 (Flyball, 78S, EV 71.9 MPH)
|
Top of the 8th over - 0 runs, 1 hit, 0 errors, 2 left on base; Providence 4 - Squirrel Hill 9 |
BOTTOM OF THE 8TH |
Squirrel Hill Pierogis batting - Pitching for Providence Pilgrims : LHP Jing-sheng Bian
|
Pitching: RHP Jorge García
|
|
Now at 1B: Caspar Fewings
|
|
Batting: RHB Dave Hall
|
0-0: Ball 1-0: Ground out 4-3 (Groundball, 4, EV 98.8 MPH)
|
Batting: SHB Rodrigo Santana
|
0-0: Ball 1-0: Ball 2-0: Ball 3-0: Called Strike 3-1: Base on Balls
|
Batting: RHB Roy Howard
|
0-0: Foul Ball, location: 2F 0-1: Ball 1-1: Fielders Choice at 2nd, 3-6 (Groundball, 3, EV 88.8 MPH)
|
Batting: RHB Miguel Aranda
|
0-0: Ball Roy Howard steals 2nd base 1-0: Ball 2-0: Called Strike 2-1: Ball 3-1: Fly out, F9 (Flyball, 9LM, EV 80.0 MPH)
|
Bottom of the 8th over - 0 runs, 0 hits, 0 errors, 1 left on base; Providence 4 - Squirrel Hill 9 |
TOP OF THE 9TH |
Providence Pilgrims batting - Pitching for Squirrel Hill Pierogis : RHP Artie O'Neal
|
Batting: RHB Vsevolod Bagdasaroff
|
0-0: Foul Ball, location: 2F 0-1: Called Strike 0-2: Strikes out looking
|
Pinch Hitting: LHB David Davis
|
0-0: Ball 1-0: Foul Ball, location: 2F 1-1: Swinging Strike 1-2: Strikes out swinging
|
Batting: RHB Abednego Ashpenaz
|
0-0: Ball 1-0: Ball 2-0: Foul Ball, location: 2F 2-1: Ground out 1-3 (Groundball, 13S, EV 68.1 MPH)
|
Top of the 9th over - 0 runs, 0 hits, 0 errors, 0 left on base; Providence 4 - Squirrel Hill 9 |
|